 Dungeon Crawl Stone Soup version 0.31-a0-881-ge136f0c47a (webtiles) character file.

Game seed: 17453043200821554983

278376 Forgeling the Scorcher (level 19, -8/158 (160) HPs)
             Began as a Green Draconian Conjurer on Oct 14, 2023.
             Was a High Priest of Sif Muna.
             Shot with an arrow by a deep elf master archer (42 damage)
             ... on level 3 of the Elven Halls on Oct 16, 2023.
             The game lasted 03:23:28 (54293 turns).

Forgeling the Scorcher (Green Draconian Conjurer)  Turns: 54293, Time: 03:23:28

HP:   -8/158 (160)  AC: 16    Str:  9    XL:     19   Next: 63%
MP:   11/42         EV: 11    Int: 43    God:    Sif Muna [*****.]
Gold: 1052          SH: 12    Dex: 15    Spells: 14/44 levels left

rFire   + . .        a - +6 Majin-Bo {spellvamp, MP+6 Int+6}
rCold   + . .        T - +1 kite shield {rC+}
rNeg    . . .        (body armour unavailable)
rPois   +            (helmet restricted)
rElec   .            s - +1 cloak {Will+}
rCorr   .            p - +2 pair of gloves
SInv    .            o - +0 pair of boots
Will    ++++.        l - amulet of magic regeneration
Stlth   +++          L - ring "Qikhli" {Contam rF+ Int+3 Dex+6 Stlth+}
HPRegen 1.26/turn    m - +6 ring of intelligence
MPRegen 0.68/turn

%: random rage (3%)
@: very slightly contaminated, studying Summonings, lightly drained
A: breathe noxious fumes, AC +10, unfitting armour, stinger 1, poison
resistance, cold-blooded, talons 1, berserk 1, strong-willed 2, regeneration 1
}: 2/15 runes: decaying, serpentine
a: Breathe Noxious Fumes, Renounce Religion, Channel Magic, Forget Spell, Divine
Exegesis


You were on level 3 of the Elven Halls.
You worshipped Sif Muna.
Sif Muna was extremely pleased with you.
You visited 6 branches of the dungeon, and saw 33 of its levels.
You also visited: Ice Cave and Wizlab.

You collected 3578 gold pieces.
You spent 2526 gold pieces at shops.

Inventory:

Hand Weapons
 a - the +6 Majin-Bo (weapon) {spellvamp, MP+6 Int+6}
   (You took it off a Hellbinder in a wizard's laboratory)

   Int+6:     It affects your intelligence (+6).
   MP+6:      It affects your magic capacity (+6).
Missiles
 z - 9 curare-tipped darts
Armour
 o - a +0 pair of boots (worn)
 p - a +2 pair of gloves (worn)
 r - a scarf of resistance
 s - a +1 cloak of willpower (worn)
 B - the +2 cloak of the Thief {*Fog Slay-2 SInv Stlth+}
   (You found it in a wizard's laboratory)

   *Fog:      It may release a thick cloud of smoke when the wearer is hurt.
   Slay-2:    It affects your accuracy & damage with ranged weapons and melee
   (-2).
   SInv:      It lets you see invisible.
   Stlth+:    It makes you more stealthy.
 T - a +1 kite shield of cold resistance (worn)
Magical Staves
 t - a staff of fire
Jewellery
 c - the ring "Ketzed" {rC+ Str+4 Dex-5 SInv}
   (You acquired it on level 4 of the Swamp)

   [ring of see invisible]

   Str+4:     It affects your strength (+4).
   Dex-5:     It affects your dexterity (-5).
   rC+:       It protects you from cold.
   SInv:      It lets you see invisible.
 l - an amulet of magic regeneration (around neck)
 m - a +6 ring of intelligence (right hand)
 L - the ring "Qikhli" (left hand) {Contam rF+ Int+3 Dex+6 Stlth+}
   (You acquired it on level 5 of the Dungeon)

   [ring of dexterity]

   Int+3:     It affects your intelligence (+3).
   Dex+6:     It affects your dexterity (+6).
   rF+:       It protects you from fire.
   Contam:    It causes magical contamination when unequipped.
   Stlth+:    It makes you more stealthy.
 X - the ring "Otebeteb" {*Corrode rElec rC- AC+4 Int+5}
   (You found it in a wizard's laboratory)

   [ring of protection]

   AC+4:      It affects your AC (+4).
   Int+5:     It affects your intelligence (+5).
   rC-:       It makes you vulnerable to cold.
   rElec:     It insulates you from electricity.
   *Corrode:  It may corrode you when you take damage.
Wands
 d - a wand of digging (5)
 e - a wand of charming (25)
 h - a wand of quicksilver (5)
 i - a wand of roots (23)
 j - a wand of polymorph (7)
 y - a wand of mindburst (11)
Scrolls
 b - 8 scrolls of enchant weapon
 f - 6 scrolls of noise
 g - 2 scrolls of torment
 k - a scroll of amnesia
 w - 2 scrolls of brand weapon
 x - 6 scrolls of enchant armour
 D - 3 scrolls of blinking
 E - 5 scrolls of fear
 F - 7 scrolls of fog
 K - 6 scrolls of immolation
 O - 2 scrolls of silence
 P - 4 scrolls of poison
 V - 3 scrolls of vulnerability
 Y - 10 scrolls of teleportation {@r3}
 Z - 7 scrolls of identify {@r1}
Potions
 A - 5 potions of attraction
 C - 4 potions of cancellation
 G - 5 potions of ambrosia
 H - 3 potions of haste
 I - 3 potions of invisibility
 J - 13 potions of curing {@q1}
 M - a potion of might
 N - 8 potions of heal wounds {@q2}
 Q - a potion of magic
 R - a potion of resistance
 S - 5 potions of enlightenment
 U - a potion of mutation
 W - 5 potions of lignification
Miscellaneous
 v - a lightning rod (1/4)


   Skills:
 - Level 12.0 Fighting
 - Level 10.0 Staves
 - Level 3.0 Dodging
 - Level 1.7 Stealth
 - Level 8.0 Shields
 + Level 13.4 Spellcasting
 - Level 17.0 Conjurations
 - Level 5.0 Hexes
 + Level 20.9 Fire Magic
 - Level 10.0 Invocations
 - Level 8.0 Evocations


You had 14 spell levels left.
You knew the following spells:

 Your Spells              Type           Power      Damage    Failure   Level
i - Ignition              Fire           59%        3d16      4%          8
s - Sticky Flame          Conj/Fire      100%       2d11      0%          4
t - Starburst             Conj/Fire      56%        6d15      1%          6
v - Orb of Destruction    Conj           54%        9d14      3%          7
y - Irradiate             Conj/Tmut      40%        3d25      3%          5

Your spell library contained the following spells:

 Spells                   Type           Power      Damage    Failure   Level
 Magic Dart               Conj           100%       1d8       0%          1
 Searing Ray              Conj           100%       2d8       0%          2
 Flame Wave               Conj/Fire      100%       2d21      0%          4
 Kiss of Death            Conj/Necr      100%       2d13      1%          1
 Ensorcelled Hibernation  Hex/Ice        100%       N/A       1%          2
 Jinxbite                 Hex            100%       N/A       1%          2
 Momentum Strike          Conj/Tloc      100%       3d10      1%          2
 Static Discharge         Conj/Air       100%       2-7/arc   1%          2
 Confusing Touch          Hex            64%        N/A       1%          3
 Dazzling Flash           Conj/Hex       100%       N/A       1%          3
 Hailstorm                Conj/Ice       80%        3d16      1%          3
 Ignite Poison            Fire/Tmut/Pois 73%        N/A       1%          3
 Inner Flame              Hex/Fire       96%        N/A       1%          3
 Mephitic Cloud           Conj/Pois/Air  67%        N/A       1%          3
 Sigil of Binding         Hex            64%        N/A       1%          3
 Volatile Blastmotes      Fire/Tloc      100%       2d18      1%          3
 Brom's Barrelling Bould  Conj/Erth      80%        2d9       1%          4
 Fulminant Prism          Conj/Hex       44%        3d19      1%          4
 Iskenderun's Mystic Bla  Conj/Tloc      80%        2d16      1%          4
 Fireball                 Conj/Fire      56%        3d22      1%          5
 Iskenderun's Battlesphe  Conj           100%       2d15      1%          5
 Apportation              Tloc           56%        N/A       3%          1
 Freeze                   Ice            100%       1d10      3%          1
 Sting                    Tmut/Pois      100%       1d8       3%          1
 Summon Small Mammal      Summ           100%       N/A       3%          1
 Arcjolt                  Conj/Air       40%        1d50      3%          5
 Summon Guardian Golem    Hex/Summ       50%        N/A       4%          3
 Cause Fear               Hex            32%        N/A       4%          4
 Lesser Beckoning         Tloc           56%        N/A       5%          2
 Poisonous Vapours        Pois/Air       56%        N/A       5%          2
 Plasma Beam              Fire/Air       43%        2x1d57    8%          6
 Freezing Cloud           Conj/Ice/Air   33%        6-21      10%         5
 Call Canine Familiar     Summ           28%        N/A       11%         3
 Frozen Ramparts          Ice            56%        1d9       11%         3
 Ozocubu's Armour         Ice            28%        N/A       11%         3
 Anguish                  Hex/Necr       25%        N/A       13%         4
 Dimensional Bullseye     Hex/Tloc       25%        N/A       13%         4
 Leda's Liquefaction      Hex/Erth       25%        N/A       13%         4
 Bombard                  Conj/Erth      40%        9d7       17%         6
 Conjure Ball Lightning   Conj/Air       40%        3x3d13    17%         6
 Dispel Undead            Necr           28%        3d13      36%         4
 Olgreb's Toxic Radiance  Pois           28%        N/A       36%         4
 Passage of Golubria      Tloc           28%        N/A       36%         4
 Petrify                  Tmut/Erth      28%        N/A       36%         4
 Vhi's Electric Charge    Tloc/Air       56%        N/A       36%         4
 Metabolic Englaciation   Hex/Ice        25%        N/A       36%         5
 Silence                  Hex/Air        25%        N/A       36%         5
 Yara's Violent Unravell  Hex/Tmut       25%        3d11      36%         5
 Spellforged Servitor     Conj/Summ      40%        N/A       67%         7
 Fire Storm               Conj/Fire      56%        8d14      85%         9
 Eringya's Noxious Bog    Tmut/Pois      14%        4d6       99%         6
 Simulacrum               Ice/Necr       14%        N/A       99%         6
 Summon Cactus Giant      Summ           14%        N/A       99%         6
 Enfeeble                 Hex            32%        N/A       99%         7
 Malign Gateway           Summ/Tloc      14%        N/A       100%        7
 Discord                  Hex            32%        N/A       100%        8
 Disjunction              Tloc           14%        N/A       100%        8
 Lehudib's Crystal Spear  Conj/Erth      40%        10d10     100%        8
 Maxwell's Capacitive Co  Air            14%        ∞         100%        8
 Summon Horrible Things   Summ           14%        N/A       100%        8
 Chain Lightning          Conj/Air       40%        3d53      100%        9
 Dragon's Call            Summ           14%        N/A       100%        9
 Shatter                  Erth           14%        3d14*     100%        9


Dungeon Overview and Level Annotations

Branches:
Dungeon (15/15)            Temple (0/1) D:5            Lair (5/5) D:10
  Swamp (4/4) Lair:2        Snake (4/4) Lair:3        Slime (0/5) Lair:5
    Orc (2/2) D:9             Elf (3/3) Orc:2        Vaults (0/5) D:14
  IceCv (visited)          WizLab (visited)
 Depths: D:15

Altars:
Ashenzari
Fedhas
Kikubaaqudgha
Nemelex Xobeh
Okawaru
Ru
Sif Muna
Uskayaw
Vehumet
Wu Jian
Zin
Jiyva

Shops:
D:7 (   D:9 (([   Orc:1 =   Orc:2 *!:(   Elf:1 [   Elf:2 :   Elf:3 *!:[
Snake:1 [   Snake:2 :=:   Snake:4 ?


Innate Abilities, Weirdness & Mutations

You can breathe blasts of noxious fumes.
Your lurid green scales are hard. (AC +10)
You cannot fit into any form of body armour.
Your tail ends in a venomous barb.
Your system is resistant to poisons. (rPois)
You are cold-blooded and may be slowed by cold attacks.
You have sharp toenails.
You sometimes lose your temper in combat.
You are highly strong-willed. (Will++)
Your natural rate of healing is unusually fast.


Message History

The air bursts into flame!
The fireball engulfs the deep elf master archer!!!
You feel better.
The deep elf master archer is heavily wounded.
The fireball engulfs the deep elf sorcerer!
You feel better.
The deep elf sorcerer is almost dead.
You hear a shout!
The deep elf master archer shoots an arrow.
The arrow hits you!
The deep elf master archer shoots an arrow.
Casting: Ignition (dangerous; 4% risk of failure)
Confirm with . or Enter, or press ? or * to list all spells.
Casting: Ignition (dangerous; 4% risk of failure)
Press: ? - help, Dir - look around, f - activate The air bursts into flame!
The fireball engulfs the deep elf master archer!!
You feel better.
The deep elf master archer is almost dead.
The fireball engulfs the deep elf sorcerer!!
You feel better.
You kill the deep elf sorcerer!
You hear a shout!
The deep elf master archer shoots an arrow.
The arrow hits you!!
The deep elf master archer shoots an arrow.
The arrow hits you!!
* * * LOW HITPOINT WARNING * * *
Casting: Ignition (dangerous; 4% risk of failure)
Confirm with . or Enter, or press ? or * to list all spells.
Aiming: Orb of Destruction (dangerous; 3% risk of failure)
Press: ? - help, Shift-Dir - straight line, f - deep elf master archer
Aim: a deep elf master archer, wielding a +0 longbow and wearing a +0 leather armour (almost dead)
* * * LOW HITPOINT WARNING * * *
The deep elf master archer shoots an arrow.
The arrow hits you!!
* * * LOW HITPOINT WARNING * * *
The deep elf master archer shoots an arrow.
The arrow hits you!!!
You die...

**********,,,,,,,,*** #..#
#.# *,*
***#,*****#####..###.### *,*
*** #.*** #............. *,*
*.**#.#.####..##..###.###
#.# *#.##..#..............#
#.# **...###..#.)##).#####
#.# *#..e#<.##..##)..# #.#
#.##*####..##...# #.#
##.##)@..........# ## #.#
##[[..∩####..##.#.#
.####.####[..............#.#
...<.....).).......∩..####.#
.#########....[####........#
## ##.........######## #
########### #


You could see a deep elf master archer (ally target).

Vanquished Creatures
  the Lernaean hydra (Swamp:4)
  Vashnia (Snake:2)
  A Hellbinder (WizLab)
  Jorgrun (Orc:1)
  A tentacled monstrosity (Swamp:3)
  A deep elf blademaster (Elf:2)
  Kirke (Swamp:2)
  6 nagarajas (Snake:4)
  2 deep elf sorcerers
  Louise (Swamp:2)
  2 orc warlords (Orc:2)
  A balrug (WizLab)
  A demonspawn blood saint (WizLab)
  A cacodemon (WizLab)
  2 lorocyprocas (WizLab)
  3 deep elf annihilators
  3 eleionomae
  4 bunyips
  Snorg (D:13)
  2 blizzard demons (WizLab)
  2 deep elf death magi
  A fire dragon (Lair:5)
  A green death (WizLab)
  21 hydras
  Erolcha (Orc:2)
  Harold (D:9)
  An ice dragon (Lair:5)
  4 centaur warriors
  A catoblepas (Lair:3)
  A caustic shrike simulacrum (IceCv)
  8 alligators
  7 boulder beetles
  3 hell beasts (WizLab)
  12 anacondas
  14 naga warriors
  6 tengu warriors
  31 dancing weapons
  10 two-headed ogres
  3 death yaks
  6 orc high priests (Orc:2)
  3 soul eaters (WizLab)
  17 naga sharpshooters
  9 shock serpents
  17 deep elf knights
  2 sixfirhies (WizLab)
  2 salamander mystics
  6 goliath frogs
  3 spriggan druids
  9 naga ritualists
  10 swamp dragons
  17 bog bodies
  6 orc knights
  10 deep elf archers
  A necromancer (IceCv)
  2 lindwurms (Lair:5)
  25 deep elf zephyrmancers
  8 mana vipers
  4 orc sorcerers (Orc:2)
  22 deep elf pyromancers
  3 oklob plants (D:13)
  2 ugly things
  3 manticores
  6 cyclopes
  5 will-o-the-wisps
  15 salamanders
  13 naga magi
  A moth of wrath (shapeshifter) (D:14)
  41 black mambas
  7 torpor snails
  9 guardian serpents
  Maurice (Orc:2)
  2 rust devils (WizLab)
  10 cane toads
  2 smoke demons (WizLab)
  18 elephants
  2 gargoyles
  An unseen horror (D:12)
  15 komodo dragons
  3 rime drakes
  2 efreet
  12 freezing wraiths (IceCv)
  2 yaktaurs (D:14)
  4 anaconda simulacra (IceCv)
  2 kobold demonologists
  4 ice devils
  A golden dragon simulacrum (IceCv)
  8 trolls
  9 tyrant leeches
  2 red devils (WizLab)
  3 polar bears
  Prince Ribbit (D:6)
  23 blink frogs
  5 hellwings (WizLab)
  3 alligator simulacra (IceCv)
  14 hornets
  13 dream sheep
  4 slime creatures (D:14)
  3 spriggans (Swamp:2)
  5 water elementals
  Sigmund (D:5)
  6 wraiths
  7 air elementals
  5 wyverns
  A shadow (D:11)
  2 dire elephant simulacra (IceCv)
  3 fire elementals
  35 yaks
  5 steam dragons
  4 hogs (Swamp:2)
  A minotaur simulacrum (IceCv)
  2 chaos spawn (WizLab)
  4 basilisks
  Menkaure (D:5)
  17 vampire mosquitoes
  3 harpy simulacra (IceCv)
  45 nagas
  9 wargs
  Edmund (D:5)
  17 swamp worms
  2 hydra simulacra (IceCv)
  10 water moccasins
  A floating eye (D:13)
  11 swamp drakes
  A black bear (D:5)
  35 orc warriors
  2 ice beasts
  2 ettin simulacra (IceCv)
  18 ogres
  19 wolves
  11 centaurs
  16 bullfrogs
  6 kobold brigands
  Blork the orc (D:6)
  2 scorpions
  2 deep troll simulacra (IceCv)
  3 earth elementals (Elf:2)
  13 wights
  10 killer bees
  5 electric eels
  7 howler monkeys
  2 gnoll boudas
  28 orc priests
  2 human zombies (D:5)
  A jelly (D:5)
  A human skeleton (D:5)
  9 iguanas
  18 orc wizards
  5 adders
  8 gnolls (D:5)
  3 white imps
  The ghost of Kurtz the Sneak, a weakling NaDe (D:4)
  4 dart slugs
  2 worms (D:2)
  111 orcs
  6 ball pythons
  12 endoplasms
  A giant cockroach (D:2)
  7 goblins
  7 hobgoblins
  4 jackals (D:1)
  3 quokkas
  4 bats (D:2)
  3 frilled lizards
  22 kobolds
  2 orc skeletons (D:5)
  An orc zombie (D:5)
  2 rats (D:2)
  A fulminant prism (Lair:4)
1238 creatures vanquished.

Vanquished Creatures (others)
  A deep elf pyromancer (D:12)
  A deep elf zephyrmancer (Elf:1)
  A kobold demonologist (D:14)
  A hornet (Lair:5)
  A bloated husk (Swamp:3)
  A naga (Snake:1)
  A centaur (D:14)
  2 foxfires (Swamp:2)
  103 fulminant prisms
112 creatures vanquished.

Grand Total: 1350 creatures vanquished

Notes
Turn   | Place    | Note
-------+----------+-------------------------------------------
     0 | D:1      | Forgeling the Draconian Conjurer began the quest for the
                  | Orb.
     0 | D:1      | Reached XP level 1. HP: 14/14 MP: 3/3
   430 | D:1      | Reached XP level 2. HP: 20/20 MP: 1/5
  1493 | D:2      | Learned a level 2 spell: Searing Ray
  1589 | D:2      | Reached skill level 5 in Conjurations
  1589 | D:2      | Reached XP level 3. HP: 18/26 MP: 0/6
  1645 | D:1      | Upgraded the game from 0.31-a0-876-gfe8ebadbca to
                  | 0.31-a0-879-g1609e0ac53
  2309 | D:2      | Reached XP level 4. HP: 33/33 MP: 2/7
  2823 | D:3      | Found a shimmering blue altar of Sif Muna.
  2833 | D:3      | Became a worshipper of Sif Muna the Loreminder
  3292 | D:3      | Found a faded altar of an unknown god.
  3447 | D:4      | Found a transporter.
  3448 | D:4      | Noticed Kurtz's ghost (weakling NaDe)
  3452 | D:4      | Found a transporter.
  3695 | D:4      | Reached XP level 5. HP: 38/38 MP: 2/8
  4215 | D:4      | Reached * piety under Sif Muna
  4438 | D:4      | Noticed a hornet
  4528 | D:5      | Entered Level 5 of the Dungeon
  4607 | D:5      | Noticed Edmund
  4658 | D:5      | Noticed an ogre
  4666 | D:5      | Reached XP level 6. HP: 37/45 MP: 3/10
  4688 | D:5      | Noticed an ice beast
  4723 | D:5      | Noticed Menkaure
  4738 | D:5      | Killed an ice beast
  4739 | D:5      | Reached skill level 1 in Fighting
  4757 | D:5      | HP: 1/47 [Menkaure/nerve-wracking pain (13)]
  4758 | D:5      | Identified a scroll of acquirement
  4758 | D:5      | Acquired the ring "Qikhli" {Contam rF+ Int+3 Dex+6 Stlth+}
  4945 | D:5      | Reached skill level 1 in Invocations
  5021 | D:4      | Paralysed by a hornet for 1 turns
  5035 | D:4      | Killed a hornet
  5036 | D:4      | Your scales start taking on a lurid green colour.
  5036 | D:4      | Reached XP level 7. HP: 43/57 MP: 1/11
  5036 | D:4      | Gained mutation: Your system is resistant to poisons.
                  | (rPois) [Green Draconian growth]
  5158 | D:4      | You fall into a shaft and drop 1 floor!
  5167 | D:5      | Learned a level 3 spell: Dazzling Flash
  5558 | D:5      | Found a staircase to the Ecumenical Temple.
  5980 | D:5      | Killed Menkaure
  6125 | D:5      | Noticed Sigmund
  6287 | D:5      | Killed Edmund
  6288 | D:5      | Reached skill level 5 in Invocations
  6288 | D:5      | Reached XP level 8. HP: 42/63 MP: 2/12
  6556 | D:6      | Noticed Prince Ribbit
  6568 | D:6      | Killed Prince Ribbit
  6667 | D:6      | Learned a level 1 spell: Kiss of Death
  6675 | D:6      | Reached ** piety under Sif Muna
  6870 | D:6      | Found an ancient bone altar of Kikubaaqudgha.
  7183 | D:6      | Noticed Blork the orc
  7191 | D:6      | Killed Blork the orc
  7283 | D:6      | Found a sparkling altar of Nemelex Xobeh.
  7668 | D:7      | Reached XP level 9. HP: 66/69 MP: 7/16
  7805 | D:7      | Found Zucusy's Weapon Emporium.
  8048 | D:7      | Reached skill level 5 in Spellcasting
  8080 | D:7      | Learned a level 4 spell: Fulminant Prism
  8453 | D:7      | Identified the +0 leather armour of Vutit {Rampage rPois
                  | Str+2 Dex+2}
  8755 | D:8      | Reached skill level 10 in Conjurations
  8933 | D:8      | Reached *** piety under Sif Muna
  9176 | D:8      | Noticed a cyclops
  9524 | D:8      | Found a glowing silver altar of Zin.
  9947 | D:4      | Killed Kurtz's ghost
 10175 | D:5      | Killed Sigmund
 10431 | D:9      | Found an iron altar of Okawaru.
 10537 | D:9      | Reached skill level 1 in Shields
 10611 | D:9      | Found Vezau's Armour Emporium.
 10619 | D:9      | Reached XP level 10. HP: 80/80 MP: 5/18
 10711 | D:9      | Found a staircase to the Orcish Mines.
 10713 | D:9      | Found Xoebawuv's Weapon Emporium.
 10776 | D:9      | Reached skill level 5 in Fighting
 10785 | D:9      | Bought a +1 cloak of willpower for 247 gold pieces
 10934 | D:9      | Identified the +0 chain mail of Seoph {Int+2}
 11014 | D:9      | Noticed a gargoyle
 11187 | D:9      | Found Teklyit's Antique Weapon Shoppe.
 11201 | D:9      | Noticed Harold
 11274 | Orc:1    | Entered Level 1 of the Orcish Mines
 11288 | Orc:1    | Reached **** piety under Sif Muna
 11292 | Orc:1    | Noticed Jorgrun
 11397 | D:10     | Entered Level 10 of the Dungeon
 11531 | D:10     | Reached skill level 1 in Hexes
 11693 | D:10     | Found a staircase to the Lair.
 12074 | D:10     | Found a broken altar of Ashenzari.
 12078 | D:10     | Found a radiant altar of Vehumet.
 12107 | D:10     | Found an ornate altar of the Wu Jian Council.
 12111 | D:10     | Found a hide-covered altar of Uskayaw.
 12318 | D:10     | Noticed a two-headed ogre
 12327 | D:10     | Killed a two-headed ogre
 12613 | D:11     | Noticed a two-headed ogre
 12613 | D:11     | Noticed a two-headed ogre
 12613 | D:11     | Noticed a two-headed ogre
 12704 | D:11     | Noticed a manticore
 12718 | D:11     | Killed a manticore
 12719 | D:11     | Reached XP level 11. HP: 89/89 MP: 14/20
 13199 | D:11     | Killed a two-headed ogre
 13290 | D:11     | Killed a two-headed ogre
 13291 | D:11     | Reached skill level 5 in Hexes
 13695 | D:11     | Reached skill level 1 in Evocations
 13892 | D:11     | Noticed a two-headed ogre
 13932 | D:11     | Killed a two-headed ogre
 13961 | D:11     | Killed a two-headed ogre
 14650 | D:8      | Noticed a four-headed hydra
 14946 | D:8      | Reached skill level 5 in Shields
 15044 | D:8      | Noticed a tengu warrior
 15068 | D:8      | Killed a tengu warrior
 15087 | D:8      | Noticed a boulder beetle
 15201 | D:8      | Killed a boulder beetle
 15314 | D:8      | Killed a four-headed hydra
 15365 | D:8      | Reached XP level 12. HP: 85/102 MP: 14/24
 15428 | D:8      | Noticed a boulder beetle
 15443 | D:8      | Killed a boulder beetle
 15499 | D:8      | Noticed a boulder beetle
 15518 | D:8      | Killed a boulder beetle
 15672 | D:9      | Reached ***** piety under Sif Muna
 16063 | Lair:1   | Entered Level 1 of the Lair of Beasts
 16249 | Lair:1   | Identified Sif Muna's Codex of Violence (Sif Muna gifted it
                  | to you on level 1 of the Lair of Beasts)
 16249 | Lair:1   | Received a gift from Sif Muna
 16269 | Lair:1   | Learned a level 7 spell: Orb of Destruction
 16274 | Lair:1   | Learned a level 4 spell: Sticky Flame
 16431 | Lair:1   | Noticed a boulder beetle
 16453 | Lair:1   | Killed a boulder beetle
 16454 | Lair:1   | Reached skill level 1 in Fire Magic
 16593 | Lair:1   | Reached skill level 2 in Fire Magic
 16781 | Lair:1   | Reached skill level 3 in Fire Magic
 17084 | Lair:1   | Reached skill level 4 in Fire Magic
 17564 | Lair:2   | Noticed an eight-headed hydra
 17572 | Lair:2   | Killed an eight-headed hydra
 17863 | Lair:2   | Reached skill level 10 in Spellcasting
 17864 | Lair:2   | Reached XP level 13. HP: 70/111 MP: 19/27
 18562 | Lair:2   | Found a staircase to the Swamp.
 19134 | Lair:3   | Found a staircase to the Snake Pit.
 19364 | Lair:3   | You fall into a shaft and drop 1 floor!
 19774 | Lair:3   | Paralysed by a hornet for 2 turns
 20357 | Lair:3   | Identified Sif Muna's Incunable of Summoned Elsewhere (Sif
                  | Muna gifted it to you on level 3 of the Lair of Beasts)
 20357 | Lair:3   | Received a gift from Sif Muna
 20888 | Lair:4   | Reached skill level 15 in Conjurations
 21925 | Lair:5   | Entered Level 5 of the Lair of Beasts
 22030 | Lair:5   | Found a viscous altar of Jiyva.
 22030 | Lair:5   | Found a staircase to the Slime Pits.
 22306 | Lair:5   | Gained mutation: Your tail ends in a venomous barb. [Green
                  | Draconian growth]
 22306 | Lair:5   | Reached XP level 14. HP: 106/118 MP: 7/29
 22658 | Lair:5   | Received a gift from Sif Muna
 23278 | Lair:5   | Found a runed translucent door.
 25424 | D:9      | Killed Harold
 25425 | D:9      | Reached skill level 10 in Fighting
 27188 | D:13     | Noticed Snorg
 27620 | D:13     | Killed Snorg
 28704 | D:14     | Reached XP level 15. HP: 58/132 MP: 23/31
 29031 | D:14     | Found a sacrificial altar of Ru.
 29267 | D:14     | Found a blossoming altar of Fedhas.
 29894 | D:14     | Reached skill level 5 in Evocations
 30499 | D:14     | Identified Sif Muna's Compendium of the Hurtful Tropics
                  | (Sif Muna gifted it to you on level 14 of the Dungeon)
 30499 | D:14     | Received a gift from Sif Muna
 30513 | D:14     | Learned a level 6 spell: Starburst
 31363 | D:14     | Found a gate to the Vaults.
 31462 | D:15     | Entered Level 15 of the Dungeon
 31785 | Orc:1    | Killed Jorgrun
 32022 | Orc:1    | Found Hipe's Jewellery Shop.
 32032 | Orc:1    | Bought a ring of protection from cold for 325 gold pieces
 32145 | Orc:2    | Entered Level 2 of the Orcish Mines
 32806 | Orc:2    | Found Hidoazi's Assorted Antiques.
 32824 | Orc:2    | Bought a scroll of blinking for 195 gold pieces
 32977 | Orc:2    | Reached skill level 5 in Fire Magic
 32985 | Orc:2    | Identified Sif Muna's Cyclopedia of the Escort and
                  | Transition (Sif Muna gifted it to you on level 2 of the
                  | Orcish Mines)
 32985 | Orc:2    | Received a gift from Sif Muna
 33634 | Orc:2    | Found Quamy's Distillery.
 34079 | Orc:2    | Noticed Maurice
 34084 | Orc:2    | Killed Maurice
 34154 | Orc:2    | Reached skill level 6 in Fire Magic
 34474 | Orc:2    | Found a staircase to the Elven Halls.
 34516 | Orc:2    | Reached skill level 10 in Invocations
 34671 | Orc:2    | Noticed Erolcha
 34674 | Orc:2    | Killed Erolcha
 34675 | Orc:2    | Reached skill level 1 in Staves
 34729 | Orc:2    | Bought a potion of enlightenment for 70 gold pieces
 34977 | Orc:2    | Identified Sif Muna's Parchment of the Coruscating Cure
                  | (Sif Muna gifted it to you on level 2 of the Orcish Mines)
 34977 | Orc:2    | Received a gift from Sif Muna
 35018 | Orc:2    | Learned a level 5 spell: Irradiate
 35132 | Orc:2    | Found Xaisk's Book Shop.
 35210 | Orc:2    | Found Ylung's Antique Weapon Boutique.
 35487 | Orc:2    | Upgraded the game from 0.31-a0-879-g1609e0ac53 to
                  | 0.31-a0-881-ge136f0c47a
 35565 | Orc:1    | Bought an amulet of magic regeneration for 390 gold pieces
 35713 | Snake:1  | Entered Level 1 of the Snake Pit
 35822 | Snake:1  | Found Puicluso's Antique Armour Shop.
 35953 | Snake:1  | Reached skill level 7 in Fire Magic
 36049 | Snake:1  | Reached XP level 16. HP: 72/139 MP: 18/32
 36556 | Orc:2    | Bought a scroll of blinking for 195 gold pieces
 37160 | Snake:2  | Noticed Vashnia
 37380 | Swamp:1  | Entered Level 1 of the Swamp
 37383 | Swamp:1  | Reached skill level 8 in Fire Magic
 37384 | Swamp:1  | Found a frozen archway.
 37414 | IceCv    | Entered an ice cave
 37421 | IceCv    | Reached skill level 5 in Staves
 37643 | IceCv    | Found an ancient bone altar of Kikubaaqudgha.
 37647 | IceCv    | Identified Sif Muna's Teachings on Power (Sif Muna gifted
                  | it to you in an ice cave)
 37647 | IceCv    | Received a gift from Sif Muna
 37857 | IceCv    | Reached skill level 9 in Fire Magic
 38251 | Swamp:1  | Reached skill level 10 in Fire Magic
 39015 | Swamp:2  | Noticed Louise
 39021 | Swamp:2  | Killed Louise
 39022 | Swamp:2  | Reached skill level 11 in Fire Magic
 39049 | Swamp:2  | Noticed Kirke
 39059 | Swamp:2  | Killed Kirke
 39176 | Swamp:2  | Identified the +1 scimitar "Alevad" {speed, rPois Will+
                  | Dex+2}
 39604 | Swamp:3  | Noticed a tentacled monstrosity
 39662 | Swamp:3  | Killed a tentacled monstrosity
 40381 | Swamp:4  | Entered Level 4 of the Swamp
 40447 | Swamp:4  | Identified Sif Muna's Compendium of Spelunking and
                  | Production (Sif Muna gifted it to you on level 4 of the
                  | Swamp)
 40447 | Swamp:4  | Received a gift from Sif Muna
 40478 | Swamp:4  | Reached skill level 12 in Fire Magic
 40648 | Swamp:4  | Reached XP level 17. HP: 56/146 MP: 11/33
 41151 | Swamp:4  | Noticed the 27-headed Lernaean hydra
 41173 | Swamp:4  | Reached skill level 13 in Fire Magic
 41207 | Swamp:4  | Killed the 27-headed Lernaean hydra
 41482 | Swamp:4  | Got a decaying rune of Zot
 41642 | Swamp:4  | Acquired the ring "Ketzed" {rC+ Str+4 Dex-5 SInv}
 41882 | Orc:2    | Bought 2 potions of haste for 280 gold pieces
 41882 | Orc:2    | Bought a potion of haste for 140 gold pieces
 41882 | Orc:2    | Bought a potion of heal wounds for 70 gold pieces
 41882 | Orc:2    | Bought a potion of heal wounds for 70 gold pieces
 41882 | Orc:2    | Gained mutation: You have sharp fingernails. [potion of
                  | mutation]
 41882 | Orc:2    | Gained mutation: You are strong-willed. (Will+) [potion of
                  | mutation]
 41882 | Orc:2    | Gained mutation: You have sharp toenails. [potion of
                  | mutation]
 42290 | Snake:2  | Found Muhuhasu's Jewellery Shop.
 42290 | Snake:2  | Found Oggusiwky's Book Shoppe.
 42767 | Snake:2  | Reached skill level 14 in Fire Magic
 42849 | Snake:2  | Received a gift from Sif Muna
 43394 | Snake:2  | Reached skill level 10 in Staves
 43772 | Snake:2  | Found Hainoaqu's Book Shoppe.
 43791 | Snake:2  | Bought an Everburning Encyclopedia for 432 gold pieces
 43800 | Snake:2  | Learned a level 8 spell: Ignition
 43834 | Snake:2  | Reached skill level 15 in Fire Magic
 44064 | Snake:2  | Killed Vashnia
 44426 | Snake:3  | Received a gift from Sif Muna
 46145 | Snake:4  | Entered Level 4 of the Snake Pit
 46212 | Snake:4  | Reached skill level 16 in Fire Magic
 46307 | Snake:4  | Reached XP level 18. HP: 142/154 MP: 28/34
 46880 | Snake:4  | Found a sacrificial altar of Ru.
 46891 | Snake:4  | Found Erphuast's Magic Scroll Emporium.
 46913 | Snake:4  | Bought a scroll of blinking for 112 gold pieces
 47130 | Snake:4  | Reached skill level 17 in Fire Magic
 47571 | Snake:4  | Identified Sif Muna's Spellbook of Inconstant Destruction
                  | (Sif Muna gifted it to you on level 4 of the Snake Pit)
 47571 | Snake:4  | Received a gift from Sif Muna
 47914 | Snake:4  | Reached skill level 18 in Fire Magic
 48071 | Snake:4  | Got a serpentine rune of Zot
 48396 | Elf:1    | Entered Level 1 of the Elven Halls
 48596 | Elf:1    | Paralysed by an air elemental for 1 turns
 49412 | Elf:1    | Paralysed by an air elemental for 1 turns
 49755 | Elf:1    | Reached skill level 19 in Fire Magic
 49850 | Elf:1    | Found Rostam's Dragon-Slaying Spoils.
 50042 | Elf:1    | Paralysed by an air elemental for 1 turns
 50908 | Elf:2    | Found a runed translucent gate.
 50908 | Elf:2    | Found a runed translucent gate.
 50910 | Elf:2    | Found a runed translucent gate.
 50951 | Elf:2    | Found Geecsi's Book Emporium.
 51011 | Elf:2    | Identified Sif Muna's Compendium of Wild Leadership (Sif
                  | Muna gifted it to you on level 2 of the Elven Halls)
 51011 | Elf:2    | Received a gift from Sif Muna
 51289 | Elf:2    | Reached XP level 19. HP: 114/153 MP: 26/35
 51491 | Elf:2    | Reached skill level 20 in Fire Magic
 52591 | Elf:2    | Paralysed by an air elemental for 1 turns
 52926 | Elf:3    | Entered Level 3 of the Elven Halls
 52926 | Elf:3    | Found Mokh's Book Emporium.
 52926 | Elf:3    | Found Falicive's Armour Shoppe.
 52936 | Elf:3    | Found Jeetuq's Distillery.
 52936 | Elf:3    | Found Paidd's General Store.
 53111 | Elf:3    | Paralysed by an air elemental for 1 turns
 53170 | Elf:3    | Found a magical portal.
 53312 | WizLab   | Entered The Hall of the Hellbinder
 53344 | WizLab   | Identified Sif Muna's Directory of Intoxicating Blasts (Sif
                  | Muna gifted it to you in a wizard's laboratory)
 53344 | WizLab   | Identified Imipy's Spellbook of the Inferno and the Map
                  | (Sif Muna gifted it to you in a wizard's laboratory)
 53344 | WizLab   | Received a gift from Sif Muna
 53369 | WizLab   | Gained mutation: You sometimes lose your temper in combat.
                  | [mutagenic glow]
 53542 | WizLab   | Lost mutation: You are strong-willed. (Will+) [potion of
                  | mutation]
 53542 | WizLab   | Lost mutation: You have sharp fingernails. [potion of
                  | mutation]
 53542 | WizLab   | Gained mutation: Your natural rate of healing is unusually
                  | fast. [potion of mutation]
 53542 | WizLab   | Gained mutation: You are strong-willed. (Will+) [potion of
                  | mutation]
 53542 | WizLab   | Gained mutation: You are highly strong-willed. (Will++)
                  | [potion of mutation]
 53964 | WizLab   | Identified the ring of Arrival {Will- Str+5 SInv}
 53966 | WizLab   | Identified the -1 cloak "Ledualio" {rF- Int+4 Slay+2}
 53983 | WizLab   | Noticed Orunkeh
 53994 | WizLab   | Found a burning altar of Makhleb.
 54006 | WizLab   | Killed Orunkeh the Hellbinder
 54067 | WizLab   | Found the +2 cloak of the Thief {*Fog Slay-2 SInv Stlth+}
 54077 | WizLab   | Identified the ring "Otebeteb" {*Corrode rElec rC- AC+4
                  | Int+5}
 54084 | WizLab   | Got a parchment book
 54293 | Elf:3    | Shot with an arrow by a deep elf master archer

Illustrated notes

Levels and vault maps discovered:
D:1:      lemuel_arrival_river_ford, layout_basic
D:2:      layout_loops_ring, serial_bayou, serial_bayou_crossing,
          serial_bayou_ford_a, serial_bayou_lagoon_b, serial_bayou_shore_b
D:3:      layout_rooms, nicolae_overflow_crystal_walls,
          shapermc_ecumenical_altar_mp_vishouse
D:4:      layout_loops_corners, gammafunk_ghost_arena
D:5:      layout_basic, minmay_temple_entry_statues_pillars,
          nicolae_ossuary_entry_catacombs, uniq_sigmund, uniq_edmund,
          uniq_menkaure
D:6:      layout_gridville, nemelex_dance_club_becter,
          mainiacjoe_overflow_boulevard, grunt_ministairs_4,
          uniq_prince_ribbit1, uniq_blork_the_orc
D:7:      layout_gridville, nicolae_inconvenience_store
D:8:      layout_cave_pods, lemuel_tele_altar, minmay_evil_grid
D:9:      layout_roguey, overflow_temple_1_default, orc_david_3, serial_shops,
          shop, minmay_splitting_lines, minmay_misc_feat_alley, uniq_harold
D:10:     layout_irregular_city, nicolae_overflow_hidden_temple,
          erik_lair_orcish_takeover
D:11:     minmay_s_stair_smasher, layout_basic, minmay_misc_feat_x,
          minmay_hedge_maze
D:12:     layout_basic
D:13:     layout_irregular_city, disabler_island, uniq_snorg
D:14:     layout_basic, hangedman_vaults_entry_quadrant_bands, fedhas_altar_3,
          nicolae_ru_sacrificial_ziggurat
D:15:     hangedman_depths_entry_try_elsewhere_first, layout_cave_pods,
          lightli_fourway_metalbox
Lair:1:   layout_roguey
Lair:2:   layout_loops_ring, nicolae_swamp_entry_splash_gauntlet,
          chequers_serial_rivers_marsh, infiniplex_staircase_pool,
          lemuel_fruit_tree
Lair:3:   layout_misc_corridors, alex1729_snake_entry_snake, st_stairs_13,
          minivault_23, dreamdust_wasp_nest
Lair:4:   layout_gridlike, st_stairs_4, nzn_sisyphean_effort
Lair:5:   guppyfry_lair_end_dragon, layout_cave_shapes, wormcave, slime_entry_1
Swamp:1:  layout_falls_marsh, portal_ice_cave_entry_pillars_four,
          evilmike_swamp_ruin_house_2
Swamp:2:  layout_basic_swamp, evilmike_swamp_ruin_house_5,
          infiniplex_staircase_pool_2, uniq_kirke, uniq_louise
Swamp:3:  nicolae_swamp_ascending_descending_big, layout_basic_swamp,
          hangedman_swamp_pad
Swamp:4:  grunt_swamp_rune_castle, layout_basic_swamp
Snake:1:  layout_gridlike, serial_shops, shop, grunt_ministairs_12,
          serial_bayou_shore_b
Snake:2:  layout_cave_shapes, st_stairs_1, minmay_shop_grove, uniq_vashnia
Snake:3:  layout_chambers, grunt_megastairs_3
Snake:4:  grunt_snake_rune_serpentine_throne, layout_onion_interference,
          serial_shops, nicolae_shop_advertising_works
          [nicolae_subvault_shop_adworks], basic_altar, grunt_megastairs_2
Orc:1:    layout_caves, serial_shops, nicolae_lakefront_shop, uniq_jorgrun
Orc:2:    pubby_orc_utopia, uniq_erolcha, uniq_maurice
Elf:1:    minmay_elf_arrival_circle, layout_geoelf_octagon,
          serial_co_window_serial, co_window_of_opportunity_a,
          co_window_of_opportunity_a, co_window_paths_a, co_window_corner_a,
          co_window_paths_a, co_window_paths_b, co_window_cross_1,
          co_window_paths_a, co_window_corner_a, co_window_corner_ca,
          co_window_unsneaky_path_a, co_window_2corner,
          co_window_unsneaky_path_c, co_window_paths_e, glass_columns_a,
          glass_columns_c, glass_columns_a, glass_columns_b,
          nicolae_shop_dragon_depot
Elf:2:    nicolae_elf_blades_splatter_lattice
          [nicolae_blade_entry_floor_patterns], layout_onion_city, serial_shops,
          shop
Elf:3:    grunt_elf_hall_spiral, layout_loops_ring, serial_shops, shop,
          nicolae_shop_industrial_runoff, shop, shop, shop,
          infiniplex_enter_wizlab_water, nicolae_zig_zag_zippers

Skill      XL: |  1  2  3  4  5  6  7  8  9 10 11 12 13 14 15 16 17 18 19 |
---------------+----------------------------------------------------------+-----
Conjurations   | 5 6 7 8 9 11 12 13 15 17 | 17.0
Spellcasting   | 3 4 5 6 8 10 11 12 13 | 13.4
Fighting       | 3 4 6 8 9 12 | 12.0
Invocations    | 3 5 6 7 10 | 10.0
Dodging        | 2 3 |  3.0
Shields        | 1 4 6 8 |  8.0
Hexes          | 3 5 |  5.0
Evocations     | 4 8 |  8.0
Fire Magic     | 4 7 12 16 19 20 | 20.9
Staves         | 3 8 10 | 10.0
Stealth        | |  1.7

Action                     |  1- 3 |  4- 6 |  7- 9 | 10-12 | 13-15 | 16-18 | 19-21 || total
---------------------------+-------+-------+-------+-------+-------+-------+-------++-------
  Melee: Dagger            |    23 |    20 |    34 |       |       |       |       ||    77
         Tailslap          |     1 |     2 |    13 |    53 |   158 |    45 |     2 ||   274
         Punch             |       |     1 |       |       |       |       |       ||     1
         Spear             |       |       |    65 |   305 |   701 |       |       ||  1071
         Staff             |       |       |       |       |    63 |   189 |    10 ||   262
         Bo                |       |       |       |       |       |       |     6 ||     6
  Throw: Dart              |       |       |       |       |     3 |       |       ||     3
   Cast: Magic Dart        |    83 |    81 |    83 |    38 |     9 |       |       ||   294
         Searing Ray       |       |    11 |    48 |    54 |     4 |       |       ||   117
         Dazzling Flash    |       |       |     1 |     8 |       |       |       ||     9
         Kiss of Death     |       |       |     1 |       |       |       |       ||     1
         Fulminant Prism   |       |       |     4 |    49 |    51 |       |       ||   104
         Sticky Flame      |       |       |       |    13 |   135 |    83 |     3 ||   234
         Orb of Destructio |       |       |       |       |    75 |   140 |    37 ||   252
         Starburst         |       |       |       |       |    84 |   220 |     7 ||   311
         Irradiate         |       |       |       |       |       |    41 |    28 ||    69
         Ignition          |       |       |       |       |       |    20 |    21 ||    41
 Invoke: Channel Magic     |       |       |       |       |     5 |     3 |     6 ||    14
Ability: Breathe Noxious F |       |       |     4 |    36 |    48 |       |       ||    88
  Evoke: Wand              |       |       |       |     4 |     7 |     3 |     3 ||    17
         Lightning rod     |       |       |       |       |       |       |     4 ||     4
    Use: Potion            |     3 |     7 |       |       |     1 |     5 |     4 ||    20
         Scroll            |     1 |     9 |     6 |     3 |    12 |    11 |     5 ||    47
   Stab: Sleeping          |       |       |     1 |     2 |    12 |     1 |       ||    16
         Confused          |       |       |     2 |    14 |    19 |       |       ||    35
         Distracted        |       |       |       |     1 |     1 |     1 |     1 ||     4
         Invisible         |       |       |       |     1 |       |       |       ||     1
         Petrified         |       |       |       |       |     5 |       |       ||     5
         Petrifying        |       |       |       |       |     1 |       |       ||     1
         Held in net/web   |       |       |       |       |     1 |       |       ||     1
 Armour: Skin              |    42 |    37 |    99 |   221 |   543 |   539 |    86 ||  1567
  Dodge: Dodged            |    26 |    14 |    71 |   187 |   351 |   236 |    28 ||   913
  Block: Buckler           |       |       |     5 |   199 |   448 |    11 |       ||   663
         Other             |       |       |     4 |       |       |       |       ||     4
         Reflection        |       |       |       |     7 |    32 |       |       ||    39
         Kite shield       |       |       |       |       |       |   275 |    26 ||   301

Table legend: (Time is in decaauts)
 A = Elapsed time spent in this place.
 B = Non-inter-level travel time spent in this place.
 C = Inter-level travel time spent in this place.
 D = Time resting spent in this place.
 E = Time spent auto-exploring this place.
 F = Levels seen in this place.
 G = Mean time per level.
                   A        B        C        D        E       F      G
               +--------+--------+--------+--------+--------+-----+--------+
         Total |  55005 |  50556 |   4449 |   6093 |  31148 |  35 | 1571.6 |
       Dungeon |  23411 |  21277 |   2134 |   2965 |  14327 |  15 | 1560.7 |
          Lair |   9709 |   8721 |    988 |   1173 |   4968 |   5 | 1941.8 |
         Swamp |   3949 |   3764 |    185 |    332 |   2039 |   4 |  987.2 |
     Snake Pit |   7339 |   6783 |    556 |    553 |   3817 |   4 | 1834.8 |
  Orcish Mines |   4466 |   4004 |    462 |    551 |   2727 |   2 | 2233.0 |
   Elven Halls |   4629 |   4507 |    122 |    114 |   3102 |   3 | 1543.0 |
      Ice Cave |    669 |    669 |      0 |    163 |      0 |   1 |  669.0 |
        Wizlab |    830 |    830 |      0 |    242 |    166 |   1 |  830.0 |
               +--------+--------+--------+--------+--------+-----+--------+

Top non-repeatable levels by time:
   Orc:2: 3918 daAuts
    D:14: 2497 daAuts
  Lair:5: 2486 daAuts
   Elf:2: 2357 daAuts
     D:8: 2344 daAuts
  Lair:4: 2225 daAuts
 Snake:3: 2089 daAuts
     D:9: 2039 daAuts
  Lair:3: 2009 daAuts
    D:13: 1952 daAuts
 Snake:4: 1926 daAuts
     D:4: 1837 daAuts
    D:11: 1747 daAuts
   Elf:1: 1734 daAuts
    D:12: 1726 daAuts
